 Dungeon Crawl Stone Soup version 0.31-a0-1074-g0b22e4e0f1 (webtiles) character file.

Game seed: 1289786622753144559

315 LeprechaunX the Changeling (level 6, -1/41 HPs)
             Began as an Octopode Shapeshifter on Nov 27, 2023.
             Was an Initiate of Hepliaklqana.
             Slain by an orc
             ... wielding a +0 trident
              (5 damage)
             ... on level 5 of the Dungeon.
             The game lasted 00:03:49 (2956 turns).

LeprechaunX the Changeling (Octopode Shapeshifter)  Turns: 2956, Time: 00:03:50

Health: -1/41      AC:  1    Str: 13    XL:     6   Next: 43%
Magic:  7/7        EV: 13    Int: 13    God:    Hepliaklqana [......]
Gold:   247        SH:  0    Dex: 13    Spells: 5/7 levels left

rFire   . . .        u - +1 whip (vamp)
rCold   . . .        (no shield)
rNeg    . . .        (helmet currently unavailable)
rPois   .            (no amulet)
rElec   .            (no ring)
rCorr   .            (no ring)
SInv    .            (no ring)
Will    .....        (no ring)
Stlth   ++           (no ring)
HPRegen 0.26/turn    (no ring)
MPRegen 0.10/turn    (no ring)
                     (no ring)

%: no passive effects
@: beast-form
A: beast (slay +2), almost no armour, amphibious, 8 rings, camouflage 1,
gelatinous body 1, (nimble swimmer 1), tentacles
a: Begin Untransformation, Renounce Religion


You were on level 5 of the Dungeon.
You worshipped Hepliaklqana.
Hepliaklqana was noncommittal.
You were a hulking beast.
You visited 2 branches of the dungeon, and saw 6 of its levels.

You collected 247 gold pieces.

Inventory:

Hand Weapons
 u - a +1 vampiric whip (weapon)
Missiles
 f - 4 boomerangs (quivered)
Jewellery
 d - a ring of ice
Talismans
 b - a beast talisman
 c - a flux talisman
Wands
 t - a wand of digging (3)
Scrolls
 g - a scroll of brand weapon {unknown}
 l - 4 scrolls of identify {unknown}
 n - 3 scrolls of fear {unknown}
 p - a scroll of butterflies {unknown}
 q - a scroll of noise {unknown}
 r - 4 scrolls of teleportation {unknown}
 s - a scroll of blinking {unknown}
 v - 2 scrolls of fog {unknown}
 x - a scroll of enchant weapon {unknown}
Potions
 a - 4 potions of lignification
 e - 4 potions of haste {unknown}
 h - a potion of heal wounds {unknown}
 i - 2 potions of berserk rage {unknown}
 j - a potion of ambrosia {unknown}
 k - a potion of resistance {unknown}
 m - a potion of cancellation {unknown}
 o - a potion of curing {unknown}
 w - 2 potions of degeneration {unknown}


   Skills:
 + Level 2.4 Fighting
 + Level 2.2 Throwing
 - Level 2.0 Dodging
 + Level 3.8 Unarmed Combat
 + Level 1.2 Spellcasting
 + Level 1.3 Translocations
 + Level 1.3 Evocations
 * Level 4.3 Shapeshifting


You had 5 spell levels left.
You knew the following spells:

 Your Spells              Type           Power      Damage    Failure   Level
a - Blink                 Tloc           8%         N/A       24%         2

Your spell library contained the following spells:

 Spells                   Type           Power      Damage    Failure   Level
 Lesser Beckoning         Tloc           8%         N/A       24%         2
 Foxfire                  Conj/Fire      0%         2x1d4     28%         1
 Momentum Strike          Conj/Tloc      4%         3d8       32%         2


Dungeon Overview and Level Annotations

Branches:
Dungeon (5/15)             Temple (1/1) D:4

Altars:
Cheibriados
Elyvilon
Fedhas
Gozag
Hepliaklqana
Kikubaaqudgha
Makhleb
Nemelex Xobeh
Okawaru
Ru
Sif Muna
Trog
Uskayaw
Vehumet
Xom
Zin
The Shining One

Shops:
D:4 !


Innate Abilities, Weirdness & Mutations

You are a hulking beast.
Your limbs bulge with bestial killing power. (Slay +2)
You cannot wear most types of armour.
You are amphibious.
You can wear up to eight rings at the same time.
Your skin changes colour to match your surroundings (Stealth+).
Your rubbery body absorbs attacks. (AC +1, EV +1)
((You are camouflaged when in or above water. (Stealth+)))
You have tentacles for arms and can constrict up to eight enemies at once.


Message History

The orc wizard gestures wildly while chanting.
The orc wizard flickers and vanishes!
Deactivating autopickup; reactivate with Ctrl-A.
The adder bites you.
You are poisoned.
The adder poisons you! The orc closely misses you.
You feel sick.
You barely miss the adder. You grab the adder. You squeeze the adder!
The adder is almost dead.
You constrict the adder, but do no damage.
You feel sick. The adder closely misses you.
You barely miss the adder.
The adder is almost dead.
You constrict the adder.
You kill the adder!
You feel sick.
You closely miss the orc. You grab the orc. You constrict the orc.
You feel sick. The orc hits you with a +0 club.
You hit the orc.
You feel better.
You kill the orc!
You feel sick.
You hit something.
You feel sick.
You are no longer poisoned.
Something completely misses you. The orc barely misses you.
You closely miss something.
The orc hits you from afar with a +0 trident!
Something hits you.
You barely miss something. Your squeeze misses something.
The orc closely misses you. Something hits you.
You closely miss something. The orc misses you. Something hits you.
You hit something but do no damage. Your squeeze misses something.
The orc closely misses you. Something hits you.
* * * LOW HITPOINT WARNING * * *
You miss something.
You hear some strange, mumbled words.
A magic dart appears from out of thin air!
The magic dart hits you!
* * * LOW HITPOINT WARNING * * *
The orc hits you from afar with a +0 trident.
You die...

#.####. . ... .. .. ###.#.. ..o
#)#.#. .<.. #.... ..... #.#.#
......###.#.# .#
......){h...###.#
(.....o##.....#.#.. ..... ######
######. #####.#.#.. #...# .....#
#. #.#.#.# #.... ####.# #.
#.#.#.# #.... '....# #.
##.#.#.###.... #....# ##
#....#........ #.##.#
#.####.#.....#..
#.##.#############...............


You could see an orc.

Vanquished Creatures
  An ogre (D:5)
  An orc priest (D:3)
  An iguana (D:4)
  6 adders
  A gnoll (D:4)
  2 worms
  4 dart slugs (D:1)
  10 orcs
  8 endoplasms
  2 giant cockroaches
  12 goblins
  10 hobgoblins
  5 quokkas
  9 ball pythons
  3 bats
  2 frilled lizards
  8 kobolds
  4 rats
89 creatures vanquished.

Notes
Turn   | Place    | Note
-------+----------+-------------------------------------------
     0 | D:1      | LeprechaunX the Octopode Shapeshifter began the quest for
                  | the Orb.
     0 | D:1      | Reached XP level 1. HP: 13/13 MP: 1/1
   134 | D:1      | Reached XP level 2. HP: 15/18 MP: 2/2
   315 | D:1      | Found a faded altar of an unknown god.
   329 | D:1      | Got Plato's Elucidation of Soot
   441 | D:1      | Reached XP level 3. HP: 20/23 MP: 3/3
   838 | D:1      | Reached skill level 1 in Throwing
  1111 | D:2      | Reached XP level 4. HP: 28/29 MP: 4/4
  1314 | D:2      | Identified the +0 pair of boots of Midnight {Stlth+}
  1318 | D:2      | Learned a level 2 spell: Blink
  1559 | D:3      | Found a burning altar of Makhleb.
  1846 | D:3      | Reached XP level 5. HP: 33/34 MP: 5/5
  1853 | D:3      | Reached skill level 4 in Shapeshifting
  2113 | D:4      | Found Enkiq's Distillery.
  2316 | D:4      | Found a staircase to the Ecumenical Temple.
  2347 | Temple   | Entered the Ecumenical Temple
  2364 | Temple   | Became a worshipper of Hepliaklqana the Forgotten
  2447 | D:4      | Found a radiant altar of Vehumet.
  2575 | D:4      | Found an iron altar of Okawaru.
  2582 | D:4      | Reached skill level 1 in Translocations
  2643 | D:4      | Reached skill level 1 in Spellcasting
  2643 | D:4      | Reached skill level 1 in Evocations
  2744 | D:5      | Entered Level 5 of the Dungeon
  2744 | D:5      | Noticed an ogre
  2751 | D:5      | Killed an ogre
  2752 | D:5      | Reached XP level 6. HP: 19/41 MP: 7/7
  2956 | D:5      | Slain by an orc

Illustrated notes

Levels and vault maps discovered:
D:1:      lordsloth_arrival_two_stooges, layout_loops_ring,
          shapermc_ecumenical_altar_rom_forum
D:2:      layout_rooms
D:3:      layout_basic, mainiacjoe_overflow_paths
D:4:      layout_gridville, okawaru_altar_gauntlet_db, vehumet_crystals,
          minmay_temple_entry_mini_moons, serial_shops, nicolae_take_the_stairs
D:5:      layout_basic
Temple:   nicolae_temple_bog_church

Skill      XL: |  1  2  3  4  5 |
---------------+----------------+-----
Throwing       | 1 2 |  2.2
Fighting       | 2 |  2.4
Shapeshifting  | 4 |  4.3
Translocations | 1 |  1.3
Spellcasting   | 1 |  1.2
Evocations     | 1 |  1.3
Dodging        | |  2.0
Unarmed Combat | |  3.8

Action                     |  1- 3 |  4- 6 || total
---------------------------+-------+-------++-------
  Melee: Unarmed           |    56 |    11 ||    67
         Constrict         |    20 |    31 ||    51
         Tentacles         |     8 |    23 ||    31
         Whip              |       |   108 ||   108
         Punch             |       |     1 ||     1
  Throw: Boomerang         |       |     2 ||     2
   Stab: Sleeping          |     8 |    11 ||    19
 Armour: Skin              |    21 |    60 ||    81
  Dodge: Dodged            |    33 |    56 ||    89

Table legend: (Time is in decaauts)
 A = Elapsed time spent in this place.
 B = Non-inter-level travel time spent in this place.
 C = Inter-level travel time spent in this place.
 D = Time resting spent in this place.
 E = Time spent auto-exploring this place.
 F = Levels seen in this place.
 G = Mean time per level.
                   A        B        C        D        E       F      G
               +--------+--------+--------+--------+--------+-----+--------+
         Total |   2962 |   2834 |    128 |      0 |   2291 |   6 |  493.7 |
       Dungeon |   2927 |   2815 |    112 |      0 |   2291 |   5 |  585.4 |
        Temple |     34 |     18 |     16 |      0 |      0 |   1 |   34.0 |
               +--------+--------+--------+--------+--------+-----+--------+

Top non-repeatable levels by time:
     D:1: 861 daAuts
     D:3: 703 daAuts
     D:4: 600 daAuts
     D:2: 548 daAuts
     D:5: 213 daAuts
  Temple: 34 daAuts
